 Dungeon Crawl Stone Soup version 0.19-a0-1384-gbb462ca (webtiles) character file.

2255 st0uf the Thaumaturge (level 9, -2/45 HPs)
             Began as a Gargoyle Earth Elementalist on Sept 3, 2016.
             Was a Believer of Vehumet.
             Killed by divine providence
             ... invoked by an orc priest
              (15 damage)
             ... on level 7 of the Dungeon.
             The game lasted 00:37:51 (7499 turns).

st0uf the Thaumaturge (Gargoyle Earth Elementalist) Turns: 7499, Time: 00:37:51

Health: -2/45      AC: 12    Str: 13    XL:     9   Next: 37%
Magic:  20/21      EV: 12    Int: 18    God:    Vehumet [**....]
Gold:   247        SH:  0    Dex: 10    Spells: 3 memorised, 18 levels left

rFire  + . .     SeeInvis .     b - 76 stones
rCold  . . .     Gourm    .     M - +0 robe {rN+}
rNeg   + + .     Faith    .     (no shield)
rPois  ∞         Spirit   .     (no helmet)
rElec  +         Dismiss  .     (no cloak)
rCorr  .         Reflect  .     J - +0 pair of gloves
MR     .....     Harm     .     o - +0 pair of boots
Stlth  ++........               (no amulet)
                                z - +3 ring of protection
                                I - ring of protection from fire

@: drained
A: negative energy resistance 1, electricity resistance, unbreathing,
petrification resistance, rot immunity, AC +5
a: Renounce Religion


You were on level 7 of the Dungeon.
You worshipped Vehumet.
Vehumet was pleased with you.
You were not hungry.

You visited 2 branches of the dungeon, and saw 8 of its levels.
You also visited: Sewer.

You collected 247 gold pieces.

Inventory:

Hand Weapons
 p - a +0 whip of electrocution
Missiles
 b - 76 stones (in hand)
Armour
 o - a +0 pair of boots (worn)
 D - a troll hide {Purgy}
 J - a +0 pair of gloves (worn)
 L - a +0 shield
 M - a +0 robe of positive energy (worn)
Jewellery
 x - an uncursed amulet of guardian spirit
 z - a +3 ring of protection (right hand)
 I - a ring of protection from fire (left hand)
Wands
 K - a wand of acid (4/15)
Scrolls
 h - 4 scrolls of fog {unknown}
 i - 4 scrolls of identify
 m - 2 scrolls of blinking {unknown}
 q - 2 scrolls of immolation {unknown}
 s - a scroll of recharging {unknown}
 u - a scroll of remove curse {unknown}
 v - a scroll of enchant armour {unknown}
 y - a scroll of fear {unknown}
 C - 2 scrolls of teleportation {unknown}
 F - a scroll of noise {unknown}
 G - a scroll of amnesia {unknown}
Potions
 a - a potion of invisibility {unknown}
 f - a potion of haste {unknown}
 g - 3 potions of curing
 j - a potion of lignification {unknown}
 l - 3 potions of might
 r - 5 potions of flight
 t - a potion of ambrosia {unknown}
 B - 2 potions of brilliance {unknown}
 E - 2 potions of magic {unknown}
 H - 2 potions of degeneration {unknown}
Books
 e - a book of Geomancy

   Spells                             Type                      Level
   a - Sandblast                      Earth                        1
   b - Passwall                       Transmutation/Earth          2
   c - Stone Arrow                    Conjuration/Earth            3
   d - Petrify                        Transmutation/Earth          4
   e - Lee's Rapid Deconstruction     Earth                        5
Comestibles
 c - 10 chunks of flesh
 d - 3 bread rations
 k - 2 slices of pizza
 n - 4 meat rations
 A - 2 beef jerkies


   Skills:
 - Level 1.5(1.4) Dodging
 - Level 2.1(2.0) Stealth
 * Level 8.4(8.2) Spellcasting
 + Level 6.1(6.0) Conjurations
 - Level 0.7(0.5) Transmutations
 + Level 8.0(7.8) Earth Magic


You had 18 spell levels left.
You knew the following spells:

 Your Spells              Type           Power        Failure   Level  Hunger
a - Sandblast             Erth           #####.       1%          1    None
b - Stone Arrow           Conj/Erth      ####..       1%          3    #......
c - Passwall              Tmut/Erth      ###.......   2%          2    None


Dungeon Overview and Level Annotations

Branches:
Dungeon (7/15)             Temple (1/1) D:4

Altars:
Ashenzari
Cheibriados
Dithmenos
Elyvilon
Fedhas
Gozag
Hepliaklqana
Kikubaaqudgha
Nemelex Xobeh
Okawaru
Qazlal
Sif Muna
Trog
Uskayaw
Vehumet
Yredelemnul
Zin

Annotations:
D:5 PeterLawrence's ghost, novice MiFi
D:7 flowsnake's ghost, novice DrIE


Innate Abilities, Weirdness & Mutations

You are resistant to torment.
Your stone body is resilient. (AC +5)
You are immune to poison.
You resist negative energy. (rN+)
You are resistant to electric shocks. (rElec)
You can survive without breathing.
You are immune to petrification.
You are immune to rotting.


Message History

Casting: Sandblast
Confirm with . or Enter, or press ? or * to list all spells.
Aiming: Sandblast
Press: ? - help, Shift-Dir - straight line, f - flowsnake's ghost
Aim: flowsnake's ghost (catching its breath)
The rocky blast misses flowsnake's ghost.
Casting: Sandblast
Confirm with . or Enter, or press ? or * to list all spells.
Aiming: Sandblast
Press: ? - help, Shift-Dir - straight line, f/p - flowsnake's ghost
Aim: flowsnake's ghost (catching its breath)
The rocky blast hits flowsnake's ghost.
Flowsnake's ghost gestures at you while chanting.
You are frozen.
The orc priest invokes the aid of Beogh against you.
Beogh smites you!
* * * LOW HITPOINT WARNING * * *
The orc priest invokes the aid of Beogh against you.
Beogh smites you!
You die...

.........######...........
..................†.o###.#
......#......##..o###.##
.# ##............#..o.#
#.>#$.#
...#.............##
##hW.## ##.# ###.....o...#
##..#
#####..####.........###
.$# ##..........)#.......#


oo.. #........##.....@W##...# W... ............##.....###.... o...
..........####............# oo.. .....<....# #...#.......## .... ....).....#
#....##...##.# .....)...........# ....... .................. ...#.#
..).......###....####.#.# ..........# . You could see an orc priest, an orc
wizard (wandering), flowsnake's ghost and an orc.

Vanquished Creatures
  The ghost of aronpayne the Skirmisher, an amateur GrCK of Xom (D:3)
  Sigmund (D:5)
  A water moccasin (D:6)
  Purgy (Sewer)
  An ice beast (D:5)
  A phantom (D:6)
  3 ogres
  A sky beast (D:6)
  A centaur (D:5)
  2 giant frogs (D:6)
  2 scorpions
  4 crimson imps
  A jelly (D:5)
  2 giant frog skeletons
  4 orc priests
  A hound (D:4)
  2 orc wizards
  2 centaur skeletons
  3 iguanas
  A worker ant (D:5)
  A hound zombie (D:5)
  4 gnolls (D:4)
  10 adders
  2 shadow imps
  3 oozes
  An adder zombie (D:5)
  4 worms
  2 dart slugs (D:1)
  5 giant geckos
  17 orcs
  2 giant cockroaches
  6 goblins
  9 hobgoblins
  15 jackals
  3 quokkas
  3 ball pythons
  7 bats
  9 giant newts
  4 kobolds
  A quokka skeleton (D:6)
  15 rats
158 creatures vanquished.

Notes
Turn   | Place    | Note
-------+----------+-------------------------------------------
     0 | D:1      | st0uf the Gargoyle Earth Elementalist began the quest for the Orb.
     0 | D:1      | Reached XP level 1. HP: 10/10 MP: 3/3
   229 | D:1      | Reached XP level 2. HP: 15/15 MP: 0/5
   492 | D:1      | Found a blossoming altar of Fedhas.
   520 | D:1      | Reached XP level 3. HP: 12/19 MP: 1/7
   899 | D:1      | Learned a level 3 spell: Stone Arrow
  1229 | D:2      | Reached skill level 1 in Conjurations
  1260 | D:2      | Reached XP level 4. HP: 21/24 MP: 3/8
  2011 | D:3      | Reached XP level 5. HP: 27/28 MP: 3/10
  2018 | D:3      | Noticed aronpayne's ghost (amateur GrCK)
  2215 | D:3      | Learned a level 2 spell: Passwall
  2490 | D:3      | Found a glowing drain.
  2501 | Sewer    | Entered a sewer
  2591 | Sewer    | Noticed Purgy
  2605 | Sewer    | Killed Purgy
  2605 | Sewer    | Reached skill level 5 in Earth Magic
  2605 | Sewer    | Reached XP level 6. HP: 29/32 MP: 2/12
  2867 | D:4      | Found a staircase to the Ecumenical Temple.
  2872 | Temple   | Entered the Ecumenical Temple
  2896 | Temple   | Became a worshipper of Vehumet
  3692 | D:4      | Reached skill level 5 in Spellcasting
  3696 | D:4      | Reached XP level 7. HP: 34/36 MP: 5/14
  3883 | D:5      | Entered Level 5 of the Dungeon
  4373 | D:5      | Reached * piety under Vehumet
  4373 | D:5      | Offered knowledge of Freeze by Vehumet.
  4422 | D:5      | Noticed PeterLawrence's ghost (novice MiFi)
  4725 | D:5      | Noticed Sigmund
  4730 | D:5      | Killed Sigmund
  4730 | D:5      | Reached XP level 8. HP: 34/41 MP: 10/17
  5747 | D:6      | Reached skill level 5 in Conjurations
  6703 | D:5      | Reached XP level 9. HP: 33/45 MP: 15/20
  6883 | D:5      | HP: 2/45 [PeterLawrence's ghost (2)]
  7211 | D:3      | Killed aronpayne's ghost
  7393 | D:7      | Noticed flowsnake's ghost (novice DrIE)
  7476 | D:7      | Offered knowledge of Throw Flame by Vehumet.
  7488 | D:7      | Reached ** piety under Vehumet
  7499 | D:7      | Killed from afar by an orc priest

Vault maps used:
D:1:      dpeg_arrival_ratfight, minmay_hexomino_r4
D:2:      lightli_corner_chamber
D:3:      portal_sewer_entry_d, moated_statue, kennysheep_path_1
D:5:      first_bread, minmay_misc_feat_four_crosses, corexii_leaking_fountain,
          uniq_sigmund
D:6:      serial_glass, glass_columns_a, glass_columns_b, glass_columns_c,
          glass_columns_b, glass_columns_c, nicolae_lava_and_water
Temple:   grunt_wide_crystal_templ
Sewer:    sewer_co_purgy_island

Skill      XL: |  1  2  3  4  5  6  7  8  9 |
---------------+----------------------------+-----
Earth Magic    | 4 5 6 7 8 |  8.0
Spellcasting   | 3 4 5 6 7 8 |  8.4
Conjurations   | 1 2 3 4 5 6 |  6.1
Dodging        | |  1.5
Stealth        | |  2.1
Transmutations | |  0.7

Action                   |  1- 3 |  4- 6 |  7- 9 || total
-------------------------+-------+-------+-------++-------
Melee: Unarmed           |    10 |       |       ||    10
       Whip              |    42 |   148 |   100 ||   290
 Cast: Sandblast         |    60 |    79 |   114 ||   253
       Passwall          |       |     1 |       ||     1
       Stone Arrow       |       |     2 |    24 ||    26
  Use: Scroll            |       |     3 |       ||     3
       Potion            |       |     1 |       ||     1
 Stab: Sleeping          |       |     2 |     1 ||     3
       Distracted        |       |     2 |       ||     2
  Eat: Chunk             |     1 |     8 |    12 ||    21
       Fruit             |       |       |     3 ||     3
Armor: Robe              |    41 |    64 |    96 ||   201
Dodge: Dodged            |    56 |   132 |    98 ||   286
